 Dungeon Crawl Stone Soup version 0.24-a0-769-g368c1644f8 (webtiles) character file.

Game seed: 12085050763866988206, levelgen mode: deterministic

14289 Erk the Protected (level 11, 0/147 (148) HPs)
             Began as a Minotaur Berserker on Oct 6, 2019.
             Was a High Priest of Trog.
             Killed by vampiric draining
             ... invoked by Josephine
              (14 damage)
             ... on level 2 of the Orcish Mines.
             The game lasted 01:37:17 (10235 turns).

Erk the Protected (Minotaur Berserker)             Turns: 10235, Time: 01:37:17

HP:   0/147 (148)   AC: 18    Str: 29    XL:     11   Next: 86%
MP:   10/10         EV:  7    Int:  2    God:    Trog [*****.]
Gold: 748           SH:  5    Dex: 14    Spells: 10/10 levels left

rFire    + . .     SeeInvis +   C - +1 mace (holy)
rCold    + . .     Gourm    .   k - +2 buckler
rNeg     . . .     Faith    .   S - +0 plate armour
rPois    +         Spirit   .   (helmet restricted)
rElec    .         Reflect  .   W - scarf {rC+ rF+}
rCorr    .         Harm     .   X - +0 pair of gloves
MR       +....                  I - +2 pair of boots {Fly}
Stlth    ..........             Z - amulet of regeneration
HPRegen  0.74/turn              x - ring of protection from magic
MPRegen  0.12/turn              E - ring "Koryci Dyif" {rPois Int-2 Dex+3 SInv Stlth+}

@: berserking (expiring), flying, hasted, extremely drained, very quick
A: retaliatory headbutt, horns 2
a: Berserk, Trog's Hand, Brothers in Arms, Renounce Religion, Stop Flying


You were on level 2 of the Orcish Mines.
You worshipped Trog.
Trog was extremely pleased with you.
You were very hungry.

You visited 3 branches of the dungeon, and saw 14 of its levels.
You visited the Abyss 1 time.

You collected 984 gold pieces.
You spent 236 gold pieces at shops.

Inventory:

Hand Weapons
 a - a +0 battleaxe
 h - a +2 whip of venom
 A - a +4 long sword of freezing
 C - a +1 mace of holy wrath (weapon)
 G - a +4 scimitar of flaming
 P - a +1 trident of venom
Missiles
 q - 84 poisoned darts (quivered)
 r - 4 datura-tipped darts
 H - 4 throwing nets
 J - 6 silver javelins
 Q - 4 curare-tipped darts
Armour
 k - a +2 buckler (worn)
 I - a +2 pair of boots of flying (worn)
 N - a +1 chain mail of cold resistance
 S - a +0 plate armour (worn)
 W - a scarf of resistance (worn)
 X - a +0 pair of gloves (worn)
Magical Staves
 s - an uncursed staff of poison {unknown}
Jewellery
 v - an uncursed ring of flight
 x - a ring of protection from magic (left hand)
 D - an uncursed ring of protection from magic
 E - the ring "Koryci Dyif" (right hand) {rPois Int-2 Dex+3 SInv Stlth+}
   (You acquired it in the Ecumenical Temple)

   [ring of dexterity]

   It affects your intelligence (-2).
   It affects your dexterity (+3).
   It protects you from poison.
   It lets you see invisible.
   It makes you more stealthy.
 Z - an amulet of regeneration (around neck)
Wands
 b - a wand of flame (13)
 g - a wand of scattershot (5)
 l - a wand of digging (9)
 y - a wand of disintegration (18)
 F - a wand of acid (11)
Scrolls
 d - 2 scrolls of remove curse
 e - 2 scrolls of blinking
 i - 3 scrolls of teleportation
 p - a scroll of identify
 t - a scroll of enchant armour
 u - a scroll of fear
 T - 2 scrolls of magic mapping {unknown}
 Y - a scroll of amnesia {unknown}
Potions
 f - 6 potions of curing
 j - a potion of berserk rage
 m - 2 potions of agility
 n - 4 potions of heal wounds
 w - a potion of haste
 z - a potion of mutation {unknown}
 B - 2 potions of brilliance
 L - a potion of lignification {unknown}
 M - a potion of magic {unknown}
Miscellaneous
 U - a fan of gales
Comestibles
 c - 14 rations


   Skills:
 - Level 10.1(3.9) Fighting
 - Level 14.0(7.2) Long Blades
 + Level 2.4(0.0) Throwing
 * Level 14.3(7.5) Armour
 - Level 2.1(0.0) Dodging
 - Level 4.0(0.0) Shields


You had 10 spell levels left.
You didn't know any spells.
Your spell library was empty.

Dungeon Overview and Level Annotations

Branches:
Dungeon (11/15)            Temple (1/1) D:7            Lair (0/6) D:10
    Orc (2/2) D:10            Elf (0/3) Orc:2

Altars:
Ashenzari
Cheibriados
Dithmenos
Elyvilon
Fedhas
Gozag
Hepliaklqana
Kikubaaqudgha
Makhleb
Nemelex Xobeh
Okawaru
Qazlal
Ru
Sif Muna
Trog
Uskayaw
Vehumet
Wu Jian
Xom
Yredelemnul
Zin
The Shining One
Beogh

Shops:
D:5 }   D:6 (   D:7 *

Annotations:
Orc:1 3 runed translucent doors, exclusion: 3 doors, Luexoam's ghost, adept GnIE
Orc:2 Josephine


Innate Abilities, Weirdness & Mutations

You reflexively headbutt those who attack you in melee.
You have a pair of horns on your head.


Message History

You barely miss Josephine.
Josephine is severely wounded.
You block Josephine's attack.
You sock Josephine!
Josephine is almost dead.
Josephine gestures at you while chanting.
The ghostly flame explodes!
The ghostly fireball engulfs you!
You feel drained.
* * * LOW HITPOINT WARNING * * *
The ghostly fireball engulfs Josephine.
Josephine completely resists.
Okay, then.
You closely miss Josephine. Your headbutt misses Josephine.
Josephine is almost dead.
Josephine casts a spell at you.
The ghostly flame explodes!
The ghostly fireball engulfs you!
You feel drained.
* * * LOW HITPOINT WARNING * * *
The ghostly fireball engulfs Josephine.
Josephine completely resists.
You barely miss Josephine. Your headbutt misses Josephine.
Josephine is almost dead.
Josephine is infused with unholy energy.
You die...

### ### #.## #.## ##.##
##..#### ### #.#...##
#......####.#
##...@[###.......#....
#.#.....@..(...........)
#...#.#.#.(.#<##...#.#.#
#..#######.## #....####
#......##....#####..##
##...............)..#
####.....#..)...)###
#....####....####
###.#####.......#


You could see Josephine.

Vanquished Creatures
  2 two-headed ogres
  Erica (D:8)
  A thrashing horror (Abyss:1)
  An unseen horror (D:11)
  Pikel (D:7)
  An orc knight (Orc:1)
  A cyclops (Orc:2)
  Joseph (D:7)
  Psyche (D:8)
  2 trolls
  A hornet (D:9)
  Prince Ribbit (D:8)
  A hippogriff (D:9)
  3 wraiths (Orc:2)
  A yak (D:10)
  2 small abominations (Abyss:1)
  2 hungry ghosts
  A chaos spawn (Abyss:1)
  A vampire mosquito (D:8)
  2 wargs (Orc:1)
  A soldier ant (D:8)
  3 porcupines
  A water moccasin (D:10)
  8 orc warriors
  A slave (D:7)
  2 sky beasts
  2 black bears (D:9)
  A phantom (D:5)
  2 ice beasts
  A necrophage (D:10)
  7 ogres
  8 centaurs
  A crocodile (D:9)
  6 bullfrogs
  A water moccasin zombie (D:7)
  A wyvern skeleton (D:10)
  4 scorpions
  5 killer bees (D:9)
  4 howler monkeys
  10 wights
  3 crimson imps
  A bullfrog zombie (D:7)
  A centaur zombie (D:7)
  5 hounds
  5 orc priests
  3 jellies
  15 orc wizards
  2 iguanas
  5 worker ants
  A hound zombie (D:10)
  A mummy (D:8)
  4 gnolls (D:3)
  2 howler monkey skeletons
  12 adders
  3 shadow imps
  2 worms
  2 dart slugs
  4 leopard geckos
  40 orcs
  3 ball pythons
  10 bats
  4 giant cockroaches
  7 goblins
  13 hobgoblins
  14 jackals
  6 quokkas
  9 kobolds
  7 rats
280 creatures vanquished.

Vanquished Creatures (collateral kills)
  Harold (D:7)
  Menkaure (D:7)
  An orc warrior (D:7)
  Duvessa (D:7)
  Dowan (D:7)
  A bullfrog zombie (D:7)
  An orc priest (D:7)
  An iguana (D:7)
  An orc (D:7)
9 creatures vanquished.

Vanquished Creatures (others)
  An orc (Orc:2)
  5 fungi (D:10)
  2 starspawn tentacles (Abyss:1)
8 creatures vanquished.

Grand Total: 297 creatures vanquished

Notes
Turn   | Place    | Note
-------+----------+-------------------------------------------
     0 | D:1      | Erk the Minotaur Berserker began the quest for the Orb.
     0 | D:1      | Reached XP level 1. HP: 19/19 MP: 0/0
   188 | D:1      | Reached XP level 2. HP: 27/27 MP: 1/1
   623 | D:1      | Reached XP level 3. HP: 35/35 MP: 2/2
   678 | D:1      | Reached ** piety under Trog
  1039 | D:2      | Reached skill level 5 in Fighting
  1346 | D:2      | Reached XP level 4. HP: 25/44 MP: 3/3
  1617 | D:2      | Found a snail-covered altar of Cheibriados.
  1633 | D:2      | Found a shattered altar of Ashenzari.
  2303 | D:3      | Reached XP level 5. HP: 51/51 MP: 4/4
  2376 | D:3      | Reached *** piety under Trog
  2506 | D:3      | Noticed a centaur
  2512 | D:3      | Killed a centaur
  2512 | D:3      | Reached XP level 6. HP: 51/60 MP: 5/5
  2604 | D:3      | Found a radiant altar of Vehumet.
  2964 | D:4      | Reached skill level 5 in Armour
  3053 | D:4      | Reached XP level 7. HP: 69/69 MP: 6/6
  3121 | D:4      | Found a shadowy altar of Dithmenos.
  3278 | D:5      | Entered Level 5 of the Dungeon
  3304 | D:5      | Reached **** piety under Trog
  3530 | D:5      | Reached XP level 8. HP: 55/78 MP: 7/7
  3572 | D:5      | Found Worub's Gadget Emporium.
  3608 | D:5      | Reached skill level 10 in Fighting
  3911 | D:5      | Found a glowing silver altar of Zin.
  4042 | D:6      | Reached skill level 5 in Long Blades
  4407 | D:7      | Found a staircase to the Ecumenical Temple.
  4407 | D:7      | Noticed Duvessa
  4407 | D:7      | Noticed Dowan
  4407 | D:7      | Noticed Menkaure
  4700 | D:6      | Found Tesucle's Weapon Boutique.
  4939 | D:7      | Reached skill level 1 in Shields
  5291 | D:7      | Noticed Harold
  5298 | D:7      | Killed Harold
  5298 | D:7      | Reached XP level 9. HP: 78/85 MP: 8/8
  5302 | D:7      | Killed Menkaure
  5303 | D:7      | Killed Dowan
  5309 | D:7      | Killed Duvessa
  5600 | D:7      | Found Odio's General Store.
  5713 | D:7      | Bought a +2 pair of boots of flying for 236 gold pieces
  5797 | D:7      | Noticed Joseph
  5829 | D:7      | Killed Joseph
  5829 | D:7      | Reached skill level 10 in Long Blades
  5862 | D:7      | Noticed Pikel
  5871 | D:7      | Killed Pikel
  5944 | D:8      | Noticed Psyche
  5945 | D:8      | Cast into level 1 of the Abyss (Psyche)
  5945 | Ossuary  | Entered an ossuary
  5968 | Abyss:1  | Found a basalt altar of Yredelemnul.
  5996 | Abyss:1  | Noticed a tentacled starspawn
  5996 | Abyss:1  | Noticed a shadow demon
  5996 | Abyss:1  | Noticed a shadow demon
  6008 | Abyss:1  | Paralysed by a floating eye for 2 turns
  6217 | Abyss:1  | Noticed a thrashing horror
  6225 | Abyss:1  | Killed a thrashing horror
  6225 | Abyss:1  | Reached XP level 10. HP: 52/93 MP: 9/9
  6230 | D:8      | Escaped the Abyss
  6357 | Temple   | Entered the Ecumenical Temple
  6382 | Temple   | Identified a scroll of acquirement
  6383 | Temple   | Got a coiled granite ring
  6387 | Temple   | Identified the ring "Koryci Dyif" {rPois Int-2 Dex+3 SInv
                  | Stlth+} (You acquired it in the Ecumenical Temple)
  6675 | D:8      | Noticed Erica
  6701 | D:8      | Killed Erica
  6965 | D:8      | Killed Psyche
  7115 | D:8      | Noticed Prince Ribbit
  7316 | D:8      | Killed Prince Ribbit
  7589 | D:8      | Noticed a two-headed ogre
  7596 | D:8      | Killed a two-headed ogre
  7631 | D:8      | Reached skill level 10 in Armour
  7873 | D:9      | Found a white marble altar of Elyvilon.
  7982 | D:9      | Reached XP level 11. HP: 99/99 MP: 10/10
  8021 | D:10     | Entered Level 10 of the Dungeon
  8148 | D:9      | Found a glowing golden altar of the Shining One.
  8148 | D:9      | Found a hazy altar of Hepliaklqana.
  8470 | D:10     | Noticed a two-headed ogre
  8713 | D:9      | Killed a two-headed ogre
  8772 | D:10     | Reached ***** piety under Trog
  8773 | D:10     | Found a staircase to the Lair.
  8836 | D:10     | Found a shimmering altar of Xom.
  9130 | D:10     | Found a staircase to the Orcish Mines.
  9165 | D:10     | Found a roughly hewn altar of Beogh.
  9267 | D:11     | Noticed an unseen horror
  9273 | D:11     | Killed an unseen horror
  9373 | Orc:1    | Entered Level 1 of the Orcish Mines
  9457 | Orc:1    | Found a runed translucent gate.
  9459 | Orc:1    | Found a runed translucent gate.
  9469 | Orc:1    | Found a runed translucent gate.
  9469 | Orc:1    | Noticed an orc knight
  9470 | Orc:1    | Noticed a centaur warrior
  9470 | Orc:1    | Noticed an orc knight
  9471 | Orc:1    | Noticed Luexoam's ghost (adept GnIE)
  9473 | Orc:1    | Noticed a centaur warrior
  9474 | Orc:1    | Noticed a deep elf knight
  9474 | Orc:1    | Noticed an orc knight
  9694 | Orc:1    | Noticed an orc knight
  9705 | Orc:1    | Killed an orc knight
  9705 | Orc:1    | Reached skill level 1 in Throwing
  9808 | Orc:1    | Found an iron altar of Okawaru.
  9860 | Orc:2    | Entered Level 2 of the Orcish Mines
 10025 | Orc:2    | Found a staircase to the Elven Halls.
 10066 | Orc:2    | Found a roughly hewn altar of Beogh.
 10074 | Orc:2    | Noticed Josephine
 10235 | Orc:2    | Killed from afar by Josephine

Levels and vault maps discovered:
D:1:      co_arrival_random_square_maze, layout_loops_corners, minmay_tripent
D:2:      layout_basic, amethyst_overflow_temple_binary
D:3:      layout_basic, lemuel_crystal_altar, hex_medium, minmay_hedge_maze
D:4:      layout_basic, lemuel_crystal_altar
D:5:      layout_loops_ring, zin_scriptorium, first_ration, serial_shops, shop,
          chequers_serial_rivers_micro_e
D:6:      layout_layer_cave, serial_shops, kennysheep_little_box
D:7:      layout_loops_cross, minmay_temple_entry_drinking_statues,
          serial_shops, nicolae_shop_waterfront, uniq_duvessa, uniq_pikel,
          uniq_menkaure, uniq_harold, uniq_joseph
D:8:      minmay_blocky_corners, layout_layer_cave, gup_ossuary_entry_pyramid,
          uniq_prince_ribbit1, uniq_erica, uniq_psyche
D:9:      layout_long_grid, overflow_temple_1_default,
          chequers_temple_overflow_statue_of_worship
D:10:     layout_rooms, due_lair_maze_entry_diamond,
          minmay_orc_entry_temple_small, basic_altar
D:11:     layout_irregular_city, ploomutoo_gammafunk_ghost_potion_laboratory,
          basic_altar, serial_shops, shop, blue_anna_alchemist
          [blue_anna_fruit_fields, blue_anna_fruit_fields]
Temple:   minmay_temple_curvy_branch
Orc:1:    cheibrodos_orc_bank, layout_caves, gammafunk_ghost_fury_of_okawaru
Orc:2:    st_orc_pillars, layout_diamond_mine, basic_altar, uniq_rupert,
          uniq_josephine

Skill      XL: |  1  2  3  4  5  6  7  8  9 10 11 |
---------------+----------------------------------+-----
Fighting       | 4 5 6 7 8 9 10 | 10.1
Armour         | 3 5 7 10 14 | 14.3
Long Blades    | 7 12 14 | 14.0
Shields        | 4 |  4.0
Throwing       | 2 |  2.4
Dodging        | |  2.1

Action                   |  1- 3 |  4- 6 |  7- 9 | 10-12 || total
-------------------------+-------+-------+-------+-------++-------
Melee: Falchion          |    72 |    54 |       |       ||   126
       Headbutt          |     8 |    20 |    35 |    85 ||   148
       Whip              |       |    79 |    34 |       ||   113
       Long sword        |       |       |   115 |    10 ||   125
       Halberd           |       |       |     1 |       ||     1
       Scimitar          |       |       |       |   305 ||   305
       Mace              |       |       |       |    29 ||    29
Throw: Dart              |       |       |    18 |    28 ||    46
       Javelin           |       |       |     3 |       ||     3
Invok: Brothers in Arms  |       |       |     1 |       ||     1
       Trog's Hand       |       |       |     3 |     2 ||     5
       Berserk           |       |       |       |     3 ||     3
 Abil: Stop Flying       |       |       |     1 |       ||     1
       Evoke Flight      |       |       |     1 |       ||     1
Evoke: Wand              |       |       |     1 |     2 ||     3
  Use: Scroll            |       |    12 |     9 |     5 ||    26
       Potion            |       |       |       |     2 ||     2
  Eat: Chunk             |     1 |     6 |     5 |    16 ||    28
       Ration            |       |       |     2 |       ||     2
Armor: Animal skin       |     9 |       |       |       ||     9
       Leather armour    |     3 |     1 |       |       ||     4
       Chain mail        |       |    71 |    71 |     9 ||   151
       Plate armour      |       |       |       |   184 ||   184
Dodge: Dodged            |    55 |    90 |    54 |   100 ||   299
Block: Buckler           |       |    24 |    40 |   114 ||   178
       Rpst.: Falchion   |    13 |     9 |       |       ||    22
       Long sword        |       |       |    11 |       ||    11
       Scimitar          |       |       |       |    19 ||    19

Table legend:
 A = Non-vault XP
 B = Vault XP
 C = Vault XP percentage of total XP
 D = Non-vault monster count
 E = Vault monster count
 F = Vault count percentage of total count
                 A         B        C        D         E       F
            +---------+---------+-------+---------+---------+-------
      Total |   13209 |    7204 |  35.3 |     227 |      61 |  21.2
            +---------+---------+-------+---------+---------+-------
        D:1 |      42 |       5 |  10.6 |      26 |       2 |   7.1
        D:2 |      82 |       0 |   0.0 |      20 |       0 |   0.0
        D:3 |     278 |       0 |   0.0 |      23 |       0 |   0.0
        D:4 |     362 |       0 |   0.0 |      21 |       0 |   0.0
        D:5 |    1062 |       0 |   0.0 |      18 |       0 |   0.0
        D:6 |     406 |       0 |   0.0 |       9 |       0 |   0.0
        D:7 |     762 |    1755 |  69.7 |      20 |       6 |  23.1
        D:8 |    1987 |    2279 |  53.4 |      19 |       8 |  29.6
        D:9 |    3124 |     476 |  13.2 |      27 |       4 |  12.9
       D:10 |     594 |     965 |  61.9 |      15 |      16 |  51.6
       D:11 |     710 |       0 |   0.0 |       1 |       0 |   0.0
      Orc:1 |    1359 |     915 |  40.2 |      17 |      19 |  52.8
      Orc:2 |    1189 |     630 |  34.6 |       8 |       5 |  38.5
    Abyss:1 |    1252 |     179 |  12.5 |       3 |       1 |  25.0
            +---------+---------+-------+---------+---------+-------
